 Dungeon Crawl Stone Soup version 0.29-a0-378-gc08b2e8bf8 (webtiles) character file.

Game seed: 2483307555502082886

880 Hubjo the Firebug (level 7, 0/41 HPs)
             Began as a Deep Elf Fire Elementalist on May 4, 2022.
             Was a Believer of Nemelex Xobeh.
             Slain by a sky beast (5 damage)
             ... on level 4 of the Dungeon.
             The game lasted 00:08:26 (5137 turns).

Hubjo the Firebug (Deep Elf Fire Elementalist)      Turns: 5137, Time: 00:08:28

Health: 0/41       AC:  2    Str: 11    XL:     7   Next: 75%
Magic:  17/18      EV: 13    Int: 20    God:    Nemelex Xobeh [**....]
Gold:   250        SH:  0    Dex: 17    Spells: 13/18 levels left

rFire   x . .      SeeInvis .   r - +0 dagger (flame)
rCold   + . .      Faith    .   (no shield)
rNeg    . . .      Spirit   .   a - +0 robe
rPois   .          Reflect  .   (no helmet)
rElec   .          Harm     .   (no cloak)
rCorr   .          Rampage  .   (no gloves)
Will    .....                   (no boots)
Stlth   ++++......              (no amulet)
HPRegen 0.13/turn               j - ring of Xom's Malicious Joy {rF- rC+ Str+4 Dex+2 Stlth+}
MPRegen 0.16/turn               o - ring of wizardry

@: no status effects
A: no striking features
a: Renounce Religion, Draw Escape, Draw Destruction, Draw Summoning


You were on level 4 of the Dungeon.
You worshipped Nemelex Xobeh.
Nemelex Xobeh was pleased with you.
You visited 1 branch of the dungeon, and saw 4 of its levels.

You collected 250 gold pieces.

Inventory:

Hand Weapons
 i - a +0 dagger
 r - a +0 dagger of flaming (weapon)
 s - a +0 dagger of venom
Missiles
 l - a throwing net
Armour
 a - a +0 robe (worn)
Magical Staves
 p - a staff of earth
Jewellery
 j - the ring of Xom's Malicious Joy (left hand) {rF- rC+ Str+4 Dex+2 Stlth+}
   (You found it on level 2 of the Dungeon)

   [ring of protection from cold]

   Str:       It affects your strength (+4).
   Dex:       It affects your dexterity (+2).
   rF:        It makes you vulnerable to fire.
   rC:        It protects you from cold.
   Stlth:     It makes you more stealthy.
 o - a ring of wizardry (right hand)
Scrolls
 d - a scroll of amnesia
 g - a scroll of summoning
 m - 2 scrolls of vulnerability
Potions
 b - a potion of magic
 e - a potion of berserk rage {unknown}
 f - a potion of invisibility {unknown}
 h - a potion of attraction {unknown}
 k - a potion of flight
 n - a potion of degeneration {unknown}
 q - a potion of cancellation {unknown}


   Skills:
 + Level 3.6 Fighting
 - Level 2.4 Dodging
 + Level 5.6 Stealth
 + Level 6.0 Spellcasting
 - Level 1.1 Conjurations
 * Level 6.3 Fire Magic


You had 13 spell levels left.
You knew the following spells:

 Your Spells              Type           Power      Damage    Failure   Level
a - Foxfire               Conj/Fire      80%        2x1d8     1%          1
b - Flame Wave            Conj/Fire      20%        2d7       9%          4

Your spell library contained the following spells:

 Spells                   Type           Power      Damage    Failure   Level
 Scorch                   Fire           62%        2d8       1%          2
 Conjure Flame            Conj/Fire      20%        6-21      2%          3
 Inner Flame              Hex/Fire       18%        N/A       3%          3
 Summon Small Mammal      Summ           24%        N/A       4%          1
 Call Canine Familiar     Summ           6%         N/A       12%         3
 Summon Guardian Golem    Hex/Summ       6%         N/A       12%         3


Dungeon Overview and Level Annotations

Branches:
Dungeon (4/15)
 Temple: D:4-7

Altars:
Nemelex Xobeh

Shops:
D:1 [


Message History

You conjure some foxfire!
The foxfire hits the sky beast!
The sky beast is heavily wounded.
You conjure some foxfire!
The foxfire hits the sky beast but does no damage.
The sky beast is heavily wounded.
The sky beast misses you.
There is not enough space to conjure foxfire!
There is not enough space to conjure foxfire!
You hit the sky beast but do no damage.
The sky beast is heavily wounded.
The sky beast flickers out of sight!
Deactivating autopickup; reactivate with Ctrl-A.
Something hits you. Something shocks you.
No target in view!
No target in view!
No target in view!
You closely miss something. Something hits you. Something shocks you.
You hit something. You burn something. Something hits you.
Something shocks you.
You miss something. Your punch misses something. Something hits you.
Something shocks you.
* * * LOW HITPOINT WARNING * * *
You feel better. Something hits you. Something shocks you.
* * * LOW HITPOINT WARNING * * *
You feel better. Something hits you but does no damage.
You draw a card...
You have drawn Pain.
Press: ? - help, Shift-Dir - straight line Something is bathed in an unholy light!
Something hits you. Something shocks you.
* * * LOW HITPOINT WARNING * * *
You draw a card...
You have drawn the Illusion.
Suddenly you stand beside yourself.
The deck of cards glows with a rainbow of weird colours and disappears.
Something hits you.
* * * LOW HITPOINT WARNING * * *
Something shocks you.
You die...
Your body glows slightly and disappears.

##.# #.. ... #.. #.#
#.... #.# #.... #{# #.#
#.... #@# #.# #.... #.#
#.# ... #@# #.# . #.#
#.####### #.# #........
##.# #####....####
#..####.>...##..###
#####.†.....####.......
#.......##### #>......


You could see the friendly Hubjo's illusion (summoned).

Vanquished Creatures
  A black bear (D:4)
  2 ogres
  2 kobold brigands (D:3)
  A scorpion (D:3)
  A centaur zombie (D:4)
  3 orc priests
  A hound (D:4)
  A gnoll shaman (D:4)
  An orc wizard (D:2)
  A hound skeleton (D:4)
  4 adders
  5 gnolls (D:4)
  An adder skeleton (D:4)
  3 worms (D:2)
  5 dart slugs
  10 orcs
  2 bats
  5 endoplasms
  6 hobgoblins
  15 kobolds
  8 ball pythons
  5 frilled lizards
  2 goblins
  6 rats
91 creatures vanquished.

Vanquished Creatures (collateral kills)
  An orc wizard (D:3)
  2 orcs (D:3)
  3 foxfires
6 creatures vanquished.

Vanquished Creatures (others)
  549 foxfires
  2 fungi (D:1)
  5 plants (D:1)
  7 withered plants (D:4)
563 creatures vanquished.

Grand Total: 660 creatures vanquished

Notes
Turn   | Place    | Note
-------+----------+-------------------------------------------
     0 | D:1      | Hubjo the Deep Elf Fire Elementalist began the quest for
                  | the Orb.
     0 | D:1      | Reached XP level 1. HP: 10/10 MP: 6/6
   217 | D:1      | Reached XP level 2. HP: 16/16 MP: 1/8
   460 | D:1      | Found Lonor's Antique Armour Emporium.
   575 | D:1      | Reached skill level 1 in Fighting
   712 | D:1      | You fall into a shaft and drop 1 floor!
  1082 | D:1      | Found a faded altar of an unknown god.
  1168 | D:1      | Prayed at the altar of an unknown god.
  1168 | D:1      | Became a worshipper of Nemelex Xobeh the Trickster
  1168 | D:1      | Reached * piety under Nemelex Xobeh
  1369 | D:2      | Reached XP level 3. HP: 20/20 MP: 6/9
  1788 | D:2      | Reached XP level 4. HP: 26/26 MP: 3/11
  1884 | D:2      | Identified the ring of Xom's Malicious Joy {rF- rC+ Str+4
                  | Dex+2 Stlth+}
  2567 | D:2      | Received a gift from Nemelex Xobeh
  2853 | D:3      | Noticed an ogre
  2861 | D:3      | Killed an ogre
  2862 | D:3      | Reached XP level 5. HP: 31/31 MP: 5/13
  2959 | D:3      | Learned a level 4 spell: Flame Wave
  3127 | D:3      | Reached XP level 6. HP: 36/36 MP: 7/15
  3444 | D:3      | Reached skill level 5 in Spellcasting
  3444 | D:3      | Reached skill level 5 in Fire Magic
  3457 | D:3      | Noticed an ice devil
  4103 | D:3      | Reached ** piety under Nemelex Xobeh
  4400 | D:4      | Reached XP level 7. HP: 41/41 MP: 9/16
  4463 | D:4      | Reached skill level 5 in Stealth
  5137 | D:4      | Slain by a sky beast

Illustrated notes

Levels and vault maps discovered:
D:1:      minmay_arrival_four_circles, layout_rooms,
          shapermc_ecumenical_altar_mp_urbaneastern, serial_shops, shop,
          minmay_pentomino_v2
D:2:      layout_basic, nicolae_concentric_dashed_squares_mild,
          grunt_ministairs_4, hex_large, minmay_misc_feat_plants
D:3:      cheibrodos_thug_alley, layout_loops_ring,
          chequers_serial_rivers_micro_a, minmay_ruptured
D:4:      layout_rooms, serial_undead, serial_undead_b, serial_undead_b,
          serial_undead_b, serial_undead_f, uniq_sigmund

Skill      XL: |  1  2  3  4  5  6  7 |
---------------+----------------------+-----
Fighting       | 1 2 3 |  3.6
Stealth        | 3 4 5 |  5.6
Spellcasting   | 4 5 6 |  6.0
Fire Magic     | 4 5 6 |  6.3
Dodging        | |  2.4
Conjurations   | |  1.1

Action                   |  1- 3 |  4- 6 |  7- 9 || total
-------------------------+-------+-------+-------++-------
Melee: Unarmed           |    29 |       |       ||    29
       Dagger            |       |     3 |     4 ||     7
 Cast: Foxfire           |   122 |   134 |    79 ||   335
       Flame Wave        |       |     2 |       ||     2
Invok: Draw Summoning    |       |     2 |     1 ||     3
       Draw Destruction  |       |       |     1 ||     1
  Use: Scroll            |       |     5 |       ||     5
       Potion            |       |     2 |     2 ||     4
Armor: Robe              |       |     3 |     4 ||     7
Dodge: Dodged            |     2 |    11 |    17 ||    30

Table legend: (Time is in decaauts)
 A = Elapsed time spent in this place.
 B = Non-inter-level travel time spent in this place.
 C = Inter-level travel time spent in this place.
 D = Time resting spent in this place.
 E = Time spent auto-exploring this place.
 F = Levels seen in this place.
 G = Mean time per level.
                   A        B        C        D        E       F      G
               +--------+--------+--------+--------+--------+-----+--------+
         Total |   5144 |   5051 |     93 |      0 |   4339 |   4 | 1286.0 |
       Dungeon |   5144 |   5051 |     93 |      0 |   4339 |   4 | 1286.0 |
               +--------+--------+--------+--------+--------+-----+--------+

Top non-repeatable levels by time:
     D:3: 1605 daAuts
     D:2: 1465 daAuts
     D:1: 1257 daAuts
     D:4: 816 daAuts
